 Dungeon Crawl Stone Soup version 0.19.1 (webtiles) character file.

146 Reni the Shield-Bearer (level 5, 0/41 HPs)
             Began as a Human Fighter on Dec 23, 2016.
             Slain by lupus83's ghost (8 damage)
             ... on level 3 of the Dungeon.
             The game lasted 00:20:13 (2929 turns).

Reni the Shield-Bearer (Human Fighter)              Turns: 2929, Time: 00:20:14

Health: 0/41       AC:  5    Str: 17    XL:     5   Next: 53%
Magic:  5/5        EV: 10    Int:  8    God:
Gold:   105        SH:  9    Dex: 13    Spells: 0 memorised, 4 levels left

rFire  . . .     SeeInvis .     a - +1 war axe
rCold  + . .     Gourm    .     r - +2 leather armour {rC+}
rNeg   . . .     Faith    .     c - +0 shield
rPois  .         Spirit   .     (no helmet)
rElec  .         Reflect  .     (no cloak)
rCorr  .         Harm     .     (no gloves)
MR     .....     Rnd*Tele +     (no boots)
Stlth  +.........               h - amulet of magic regeneration
                                (no ring)
                                e - ring of teleportation (curse)

@: no status effects
A: no striking features
a: no special abilities


You were on level 3 of the Dungeon.
You were hungry.

You visited 1 branch of the dungeon, and saw 3 of its levels.

You collected 105 gold pieces.

Inventory:

Hand Weapons
 a - a +1 war axe (weapon)
 p - a +0 hunting sling
Armour
 b - a +0 scale mail
 c - a +0 shield (worn)
 l - a +0 centaur barding
 r - a +2 leather armour of cold resistance (worn)
Jewellery
 e - a cursed ring of teleportation (left hand)
 h - an amulet of magic regeneration (around neck)
Scrolls
 g - 2 scrolls of fog
 i - a scroll of immolation
 j - a scroll of blinking
 s - a scroll of teleportation
Potions
 d - 2 potions of might
 k - a potion of heal wounds {unknown}
 m - 2 potions of curing {unknown}
 n - a potion of brilliance {unknown}
 q - a potion of magic {unknown}
 t - a potion of degeneration {unknown}
 u - 3 potions of haste {unknown}
Comestibles
 f - a bread ration
 o - a meat ration


   Skills:
 + Level 3.5 Fighting
 + Level 2.8 Axes
 + Level 3.7 Armour
 + Level 1.8 Dodging
 + Level 4.0 Shields


You had 4 spell levels left.
You didn't know any spells.

Dungeon Overview and Level Annotations

Branches:
Dungeon (3/15)

Altars:

Annotations:
D:3 lupus83's ghost, amateur GrBe


Message History

Lupus83's ghost hits you!
You hit lupus83's ghost but do no damage.
Lupus83's ghost is lightly damaged.
Lupus83's ghost hits you!
* * * LOW HITPOINT WARNING * * *
Lupus83's ghost closely misses you.
You slash lupus83's ghost!
Lupus83's ghost is moderately damaged.
You closely miss the kobold. The kobold hits you but does no damage.
You block lupus83's ghost's attack.
You hit lupus83's ghost.
Lupus83's ghost is heavily damaged.
You hit the kobold. You block the kobold's attack.
You block lupus83's ghost's attack.
You slash lupus83's ghost!
Lupus83's ghost is severely damaged.
You hit the kobold.
You kill the kobold!
You block lupus83's ghost's attack. Lupus83's ghost hits you!
You die...

.. . .. ..# $
#. ..#.## ..
..... .# ..
#.#. .####
#.##..$#....###
.......$.......
#.....@.......
#....)W)......
#.............
##....†.....##
##....#....#
####)####...
#..# #..
#.#...# .#
#.#.o.....


You could see lupus83's ghost.

Vanquished Creatures
  Ijyb (D:2)
  6 adders
  An ooze (D:2)
  2 worms
  2 dart slugs
  2 leopard geckos
  An orc (D:3)
  A ball python (D:1)
  A giant cockroach (D:1)
  7 goblins
  8 hobgoblins
  2 jackals (D:2)
  4 bats
  5 frilled lizards
  3 kobolds
  6 rats
52 creatures vanquished.

Notes
Turn   | Place    | Note
-------+----------+-------------------------------------------
     0 | D:1      | Reni the Human Fighter began the quest for the Orb.
     0 | D:1      | Reached XP level 1. HP: 18/18 MP: 1/1
   116 | D:1      | Reached XP level 2. HP: 24/24 MP: 2/2
   444 | D:1      | Reached XP level 3. HP: 29/29 MP: 3/3
  1367 | D:2      | Reached skill level 1 in Dodging
  1367 | D:2      | Reached XP level 4. HP: 35/35 MP: 4/4
  1411 | D:2      | Noticed Ijyb
  1431 | D:2      | Killed Ijyb
  1651 | D:2      | Paralysed by fainting for 12 turns
  1695 | D:2      | Paralysed by fainting for 10 turns
  1719 | D:2      | Paralysed by fainting for 10 turns
  1735 | D:2      | Paralysed by fainting for 9 turns
  1745 | D:2      | Paralysed by fainting for 5 turns
  1848 | D:2      | Reached XP level 5. HP: 40/41 MP: 5/5
  2025 | D:2      | Reached skill level 4 in Shields
  2078 | D:2      | Paralysed by fainting for 6 turns
  2151 | D:2      | Paralysed by fainting for 10 turns
  2917 | D:3      | Noticed lupus83's ghost (amateur GrBe)
  2929 | D:3      | Slain by lupus83's ghost

Skill      XL: |  1  2  3  4  5 |
---------------+----------------+-----
Dodging        | 1 |  1.8
Shields        | 4 |  4.0
Fighting       | |  3.5
Axes           | |  2.8
Armour         | |  3.7

Action                   |  1- 3 |  4- 6 || total
-------------------------+-------+-------++-------
Melee: War axe           |    97 |   118 ||   215
  Use: Scroll            |     6 |     3 ||     9
  Eat: Pizza             |       |     1 ||     1
       Bread ration      |       |     1 ||     1
Armor: Scale mail        |   137 |    11 ||   148
       Leather armour    |       |    45 ||    45
Dodge: Dodged            |    64 |    58 ||   122
Block: Shield            |   124 |    85 ||   209
